 Dungeon Crawl Stone Soup version 0.20-a0-901-g27f6fa8 (webtiles) character file.

32 BrendanD the Slasher (level 3, -1/29 HPs)
             Began as a Barachi Berserker on Mar 19, 2017.
             Was a Follower of Trog.
             Slain by a gnoll
             ... wielding a +0 spear
              (8 damage)
             ... on level 2 of the Dungeon.
             The game lasted 00:01:48 (1097 turns).

BrendanD the Slasher (Barachi Berserker)            Turns: 1097, Time: 00:01:48

Health: -1/29      AC:  2    Str: 19    XL:     3   Next: 27%
Magic:  3/3        EV: 12    Int:  7    God:    Trog [*.....]
Gold:   99         SH:  0    Dex: 11    Spells: 2/2 levels left

rFire    . . .     SeeInvis .   a - +0 falchion
rCold    . . .     Gourm    .   b - +0 animal skin
rNeg     . . .     Faith    .   (no shield)
rPois    .         Spirit   .   (no helmet)
rElec    .         Reflect  .   (no cloak)
rCorr    .         Harm     .   (no gloves)
MR       .....                  (no boots)
Stlth    +.........             (no amulet)
Regen    0.1/turn               (no ring)
MPRegen  0.1/turn               (no ring)

@: slow
A: +LOS, swims, slowness 1, strong legs 1
a: Hop, Berserk, Burn Spellbooks, Renounce Religion


You were on level 2 of the Dungeon.
You worshipped Trog.
Trog was aware of your devotion.
You were not hungry.

You visited 1 branch of the dungeon, and saw 2 of its levels.

You collected 99 gold pieces.

Inventory:

Hand Weapons
 a - a +0 falchion (weapon)
Armour
 b - a +0 animal skin (worn)
Scrolls
 f - a scroll of magic mapping {unknown}
 g - 3 scrolls of teleportation {unknown}
 h - a scroll of recharging {unknown}
 i - a scroll of remove curse {unknown}
 l - 2 scrolls of identify {unknown}
 p - a scroll of fog {unknown}
 q - a scroll of enchant weapon {unknown}
Potions
 d - a potion of heal wounds {unknown}
 e - a potion of lignification {unknown}
 j - a potion of mutation {unknown}
 n - 2 potions of curing {unknown}
 o - a potion of agility {unknown}
Comestibles
 c - 3 bread rations
 k - 7 chunks of flesh
 m - a meat ration


   Skills:
 - Level 3.6 Fighting
 + Level 5.1 Long Blades
 - Level 2.4 Armour
 - Level 2.1 Dodging


You had 2 spell levels left.
You didn't know any spells.

Dungeon Overview and Level Annotations

Branches:
Dungeon (2/15)

Altars:
Dithmenos
Okawaru


Innate Abilities, Weirdness & Mutations

Shadows flee at your approach. (+LOS)
You can swim through water.
You cover ground slowly.
You can hop short distances.


Message History

2 gnolls come into view.
The gnoll shouts! x2
You see here a scroll labeled ILEFOJ HIRERA.
There are monsters nearby!
There are monsters nearby!
A gnoll comes into view.
The gnoll misses you.
A gnoll comes into view. It is wielding a flail of protection.
The gnoll shouts! x2
The gnoll hits you but does no damage. The gnoll closely misses you.
You barely miss the gnoll. The gnoll hits you with a spear.
The gnoll hits you with a whip.
Some of the chunks of flesh in your inventory have rotted away.
You hit the gnoll. The gnoll closely misses you. The gnoll misses you.
You hit the gnoll. The gnoll hits you with a spear.
The gnoll barely misses you. The gnoll hits you with a whip!
* * * LOW HITPOINT WARNING * * *
The gnoll closely misses you. The gnoll hits you with a spear!
You die...

#.... ##.....# ..# #....
......## ##.# #....
........ ...#
###....#......# ...
#.............# ..#
#$............# #.#
#.....ggg.....# ##.#
#.....g.# #..####
#......@##########......
#....[..?.....)÷)..#.#.#
#..............#####...#
#######........# ###.#
#........# #....
#...[....#####.##.
#.................
#............#.#.#
#..#...♣...#...#..


You could see 4 gnolls.

Vanquished Creatures
  A dart slug (D:1)
  A ball python (D:2)
  4 goblins
  3 hobgoblins
  6 jackals (D:2)
  6 kobolds
  A bat (D:1)
  A frilled lizard (D:2)
  6 rats
29 creatures vanquished.

Notes
Turn   | Place    | Note
-------+----------+-------------------------------------------
     0 | D:1      | BrendanD the Barachi Berserker began the quest for the Orb.
     0 | D:1      | Reached XP level 1. HP: 18/18 MP: 1/1
   135 | D:1      | Reached skill level 4 in Long Blades
   333 | D:1      | Reached XP level 2. HP: 24/24 MP: 2/2
   855 | D:2      | Found an iron altar of Okawaru.
   867 | D:2      | Found a shadowy altar of Dithmenos.
   879 | D:2      | Reached skill level 5 in Long Blades
   879 | D:2      | Reached XP level 3. HP: 26/29 MP: 3/3
  1097 | D:2      | Slain by a gnoll

Vault maps used:
D:1:      dpeg_arrival_shelter, minmay_cupped
D:2:      okawaru_trees_2, old_standard_altar, first_bread,
          grunt_dithmenos_smoke_and_mirrors

Skill      XL: |  1  2 |
---------------+-------+-----
Long Blades    | 4 5 |  5.1
Fighting       | |  3.6
Armour         | |  2.4
Dodging        | |  2.1

Action                   || total
-------------------------++-------
Melee: Falchion          ||    66
Invok: Berserk           ||     1
  Eat: Chunk             ||     2
Armor: Animal skin       ||     9
Dodge: Dodged            ||    56
       Rpst.: Falchion   ||    14
